 Dungeon Crawl Stone Soup version 0.28-a0-533-g9f97627 (webtiles) character file.

Game seed: 12513493094385897987

42 Think the Cutter (level 3, -1/26 HPs)
             Began as an Octopode Fighter on Sept 25, 2021.
             Slain by a goblin (6 damage)
             ... led by Robin
             ... on level 2 of the Dungeon.
             The game lasted 00:02:25 (1146 turns).

Think the Cutter (Octopode Fighter)                 Turns: 1146, Time: 00:02:25

Health: -1/26      AC:  1    Str: 14 (15) XL:     3   Next: 54%
Magic:  3/3        EV: 13    Int:  8 (11) God:
Gold:   80         SH:  4    Dex:  8 (11) Spells: 2/2 levels left

rFire   . . .      SeeInvis .   a - +0 rapier
rCold   . . .      Faith    .   b - +0 buckler
rNeg    . . .      Spirit   .   (helmet restricted)
rPois   .          Reflect  .   (no amulet)
rElec   .          Harm     .   (no ring)
rCorr   .          Rampage  .   (no ring)
Will    .....                   (no ring)
Stlth   ++........              (no ring)
HPRegen 0.08/turn               (no ring)
MPRegen 0.08/turn               (no ring)
                                (no ring)
                                (no ring)

@: no status effects
A: almost no armour, amphibious, 8 rings, camouflage 1, gelatinous body 1,
(nimble swimmer 1), tentacles
a: no special abilities


You were on level 2 of the Dungeon.
You visited 1 branch of the dungeon, and saw 2 of its levels.

You collected 80 gold pieces.

Inventory:

Hand Weapons
 a - a +0 rapier (weapon)
Armour
 b - a +0 buckler (worn)
Scrolls
 d - a scroll of amnesia {unknown}
 h - a scroll of immolation {unknown}
Potions
 c - a potion of might
 f - a potion of cancellation {unknown}
 g - a potion of brilliance {unknown}


   Skills:
 - Level 3.0 Fighting
 + Level 3.8 Short Blades
 - Level 3.0 Dodging
 - Level 3.0 Shields


You had 2 spell levels left.
You didn't know any spells.
Your spell library contained the following spells:

 Spells                   Type           Power      Damage    Failure   Level
 Summon Small Mammal      Summ           0%         N/A       43%         1
 Call Canine Familiar     Summ           0%         N/A       82%         3
 Summon Guardian Golem    Hex/Summ       0%         N/A       82%         3


Dungeon Overview and Level Annotations

Branches:
Dungeon (2/15)

Altars:

Shops:
D:1 :

Annotations:
D:2 Robin


Innate Abilities, Weirdness & Mutations

You cannot wear most types of armour.
You are amphibious.
You can wear up to eight rings at the same time.
Your skin changes colour to match your surroundings (Stealth+).
Your rubbery body absorbs attacks. (AC +1, EV +1)
((You are camouflaged near water. (Stealth+)))
You have tentacles for arms and can constrict up to eight enemies at once.


Message History

Unknown command.
Okay, then.
You hear a shout!
Robin roars a battlecry!
The goblins go into a battle-frenzy!
You swing at nothing.
You puncture the goblin!
You kill the goblin!
Robin throws the goblin at you! You block the goblin's attack.
You barely miss the goblin. You grab the goblin. You squeeze the goblin.
You kill the goblin!
Robin throws the goblin at you!
The goblin unwields a +0 hunting sling.
The goblin wields a +0 club.
The goblin closely misses you.
You hit the goblin but do no damage. Your grab misses the goblin.
Your squeeze misses the goblin.
Robin roars a battlecry!
The goblin goes into a battle-frenzy!
You block the goblin's attack.
Your shield prevents you from hitting the goblin.
You grab the goblin. You constrict the goblin. Robin throws the goblin at you!
The goblin closely misses you. The goblin hits you with a +0 club.
You hit the goblin but do no damage.
The goblin is moderately wounded.
You constrict the goblin. The goblin misses you.
The goblin hits you with a +0 club.
You puncture the goblin!
You kill the goblin!
Robin throws the goblin at you! You block the goblin's attack.
The goblin hits you with a +0 club.
You hit the goblin.
You kill the goblin!
Robin throws the goblin at you! You block the goblin's attack.
The goblin hits you with a club!
* * * LOW HITPOINT WARNING * * *
It was a potion of degeneration.
There was something very wrong with that liquid.
You feel weakened.
You feel dopey.
You feel clumsy.
Robin roars a battlecry!
The goblin hits you with a +0 club.
You die...

.........####
............#
.....>...†..+
.........)..######
########........[.
# #.......... #
#.....#....
#.....#.#####
###.....#.g@).#
#.......###g#.#
#...........#.#
..........###.#.#
.........#....g.#
.....###.#....#.#
..... #.#....#g#
.....
..#....#gg...gg#
....
..#....#.#.g.g.g


You could see Robin and 2 goblins.

Vanquished Creatures
  An adder (D:2)
  2 dart slugs (D:2)
  5 ball pythons
  An endoplasm (D:1)
  2 giant cockroaches (D:1)
  6 goblins
  A hobgoblin (D:1)
  3 jackals (D:1)
  A bat (D:1)
  A frilled lizard (D:2)
  A kobold (D:2)
  4 rats (D:1)
28 creatures vanquished.

Notes
Turn   | Place    | Note
-------+----------+-------------------------------------------
     0 | D:1      | Think the Octopode Fighter began the quest for the Orb.
     0 | D:1      | Reached XP level 1. HP: 16/16 MP: 1/1
   371 | D:1      | Reached XP level 2. HP: 21/21 MP: 2/2
   747 | D:1      | Found Teczamam's Book Shop.
   936 | D:2      | Reached XP level 3. HP: 14/26 MP: 3/3
  1130 | D:2      | Noticed Robin
  1146 | D:2      | Slain by a goblin

Illustrated notes

Levels and vault maps discovered:
D:1:      dpeg_arrival_round_c, layout_rooms, serial_shops, nicolae_shop_stone,
          minivault_24, minmay_misc_feat_roman
D:2:      layout_basic, kennysheep_generic_room_12, uniq_robin

Skill      XL: |  1  2 |
---------------+-------+-----
Short Blades   | 3 |  3.8
Fighting       | |  3.0
Dodging        | |  3.0
Shields        | |  3.0

Action                   || total
-------------------------++-------
Melee: Rapier            ||    47
       Constrict         ||    16
       Tentacles         ||    10
  Use: Potion            ||     1
 Stab: Sleeping          ||     4
Dodge: Dodged            ||    21
Block: Buckler           ||    11

Table legend: (Time is in decaauts)
 A = Elapsed time spent in this place.
 B = Non-inter-level travel time spent in this place.
 C = Inter-level travel time spent in this place.
 D = Time resting spent in this place.
 E = Time spent auto-exploring this place.
 F = Levels seen in this place.
 G = Mean time per level.
                   A        B        C        D        E       F      G
               +--------+--------+--------+--------+--------+-----+--------+
         Total |   1149 |   1127 |     22 |    361 |    602 |   2 |  574.5 |
       Dungeon |   1149 |   1127 |     22 |    361 |    602 |   2 |  574.5 |
               +--------+--------+--------+--------+--------+-----+--------+

Top non-repeatable levels by time:
     D:1: 865 daAuts
     D:2: 283 daAuts
